 Dungeon Crawl Stone Soup version 0.24.1 (webtiles) character file.

Game seed: 8585770202942701586, levelgen mode: deterministic

25 Chiseanne the Charlatan (level 2, 0/22 HPs)
             Began as a Mummy Artificer on Mar 30, 2020.
             Slain by a hobgoblin
             ... wielding a +0 club
              (1 damage)
             ... on level 1 of the Dungeon.
             The game lasted 00:01:02 (1173 turns).

Chiseanne the Charlatan (Mummy Artificer)           Turns: 1173, Time: 00:01:03

Health: 0/22       AC:  3    Str: 15    XL:     2   Next: 86%
Magic:  4/4        EV: 12    Int: 10    God:
Gold:   67         SH:  0    Dex: 12    Spells: 1/1 levels left

rFire    x . .     SeeInvis .   a - +0 short sword
rCold    + . .     Gourm    .   (no shield)
rNeg     + + +     Faith    .   b - +0 leather armour
rPois    ∞         Spirit   .   (no helmet)
rElec    .         Reflect  .   (no cloak)
rCorr    .         Harm     .   (no gloves)
MR       .....                  (no boots)
Stlth    +.........             (no amulet)
HPRegen  0.07/turn              (no ring)
MPRegen  0.09/turn              (no ring)

@: about to teleport
A: no food or potions, fire vulnerability, cold resistance 1, negative energy
resistance 3, torment resistance, unbreathing
a: no special abilities


You were on level 1 of the Dungeon.
You were not hungry.

You visited 1 branch of the dungeon, and saw 1 of its levels.

You collected 67 gold pieces.

Inventory:

Hand Weapons
 a - a +0 short sword (weapon)
Missiles
 f - 8 boomerangs (quivered)
 g - 24 stones
 j - 14 arrows
Armour
 b - a +0 leather armour (worn)
 l - a scarf of spirit shield
Wands
 c - a wand of flame (15)
 d - a wand of enslavement (15)
 e - a wand of random effects (15)
Scrolls
 k - a scroll of immolation {unknown}


   Skills:
 * Level 1.8 Fighting
 - Level 0.7 Short Blades
 * Level 2.0 Dodging
 - Level 0.7 Stealth
 * Level 2.8 Evocations


You had one spell level left.
You didn't know any spells.
Your spell library was empty.

Dungeon Overview and Level Annotations

Branches:
Dungeon (1/15)

Altars:


Innate Abilities, Weirdness & Mutations

You do not eat or drink.
Your flesh is vulnerable to fire.
You are immune to poison.
Your flesh is cold resistant. (rC+)
You are immune to negative energy. (rN+++)
You are immune to unholy pain and torment.
You can survive without breathing.


Message History

The jackal misses you.
The jackal bites you but does no damage.
You closely miss the jackal.
The jackal is heavily wounded.
The jackal bites you but does no damage.
You miss the jackal.
The jackal is heavily wounded.
The jackal bites you but does no damage.
The jackal barely misses you.
You hit the jackal.
You kill the jackal!
You closely miss the hobgoblin. The hobgoblin hits you with a +0 club.
* * * LOW HITPOINT WARNING * * *
As you read the scroll labeled LITAPTE ZAPRUN, it crumbles to dust.
It is a scroll of identify.
i - a scroll of teleportation The hobgoblin closely misses you.
As you read the scroll of teleportation, it crumbles to dust.
You feel strangely unstable. The hobgoblin hits you with a +0 club.
You die...

.....g.....g..................#.#
.##.#.....##.....................
# #.....##.............####†#.#
#.....##..#..#.####..####.#.#
#.........................#.#
#.....##..#...............#.#
#.........##h#.####..........
........##g#.# #..####.#.#
.#..#...##@#.####..# #.#..
........^.†...##..####.#.#
...#..[##.#............... ......
#.#.####...###.#.. .#. #...#
#.......... # #.#.# ##..###.###
#.#.# #..# #.### #.#.# ..# #....
## ..# #####


You could see a jackal and a hobgoblin.

Vanquished Creatures
  An ooze (D:1)
  A giant cockroach (D:1)
  2 hobgoblins (D:1)
  7 jackals (D:1)
  2 kobolds (D:1)
  2 bats (D:1)
  3 frilled lizards (D:1)
  2 rats (D:1)
20 creatures vanquished.

Notes
Turn   | Place    | Note
-------+----------+-------------------------------------------
     0 | D:1      | Chiseanne the Mummy Artificer began the quest for the Orb.
     0 | D:1      | Reached XP level 1. HP: 15/15 MP: 2/2
   460 | D:1      | Reached XP level 2. HP: 18/21 MP: 3/3
  1165 | D:1      | HP: 1/22 [kobold (4)]
  1171 | D:1      | HP: 1/22 [hobgoblin/+0 club (1)]
  1173 | D:1      | Slain by a hobgoblin

Levels and vault maps discovered:
D:1:      dpeg_arrival_arbitrary_a, layout_basic, minmay_tetromino_i4

Skill      XL: |  1  2 |
---------------+-------+-----
Dodging        | 2 |  2.0
Fighting       | |  1.8
Short Blades   | |  0.7
Stealth        | |  0.7
Evocations     | |  2.8

Action                   || total
-------------------------++-------
Melee: Short sword       ||   119
  Use: Scroll            ||     2
Armor: Leather armour    ||    40
Dodge: Dodged            ||    79
